 Dungeon Crawl Stone Soup version 0.19.5 (webtiles) character file.

916 Peloso the Slasher (level 7, -2/61 HPs)
             Began as a Minotaur Fighter on May 18, 2017.
             Was a Follower of Okawaru.
             Slain by an orc
             ... wielding a +0 morningstar
              (10 damage)
             ... on level 6 of the Dungeon.
             The game lasted 00:10:11 (4937 turns).

Peloso the Slasher (Minotaur Fighter)               Turns: 4937, Time: 00:10:12

Health: -2/61      AC: 14    Str: 26    XL:     7   Next: 83%
Magic:  6/6        EV:  9    Int:  5    God:    Okawaru [*.....]
Gold:   361        SH: 11    Dex: 11    Spells: 0 memorised, 6 levels left

rFire  . . .     SeeInvis .     a - +0 long sword
rCold  . . .     Gourm    .     b - +0 scale mail
rNeg   . . .     Faith    .     c - +0 shield
rPois  .         Spirit   .     (helmet restricted)
rElec  .         Reflect  .     t - +0 cloak (curse)
rCorr  .         Harm     .     y - +1 pair of gloves
MR     .....                    l - +2 pair of boots
Stlth  ..........               (no amulet)
                                (no ring)
                                g - +5 ring of strength

@: slowed, very slow
A: retaliatory headbutt, horns 2
a: Heroism, Renounce Religion


You were on level 6 of the Dungeon.
You worshipped Okawaru.
Okawaru was aware of your devotion.
You were not hungry.

You visited 1 branch of the dungeon, and saw 6 of its levels.

You collected 361 gold pieces.

Inventory:

Hand Weapons
 a - a +0 long sword (weapon)
Armour
 b - a +0 scale mail (worn)
 c - a +0 shield (worn)
 l - a +2 pair of boots (worn)
 t - a cursed +0 cloak (worn)
 y - a +1 pair of gloves (worn)
Jewellery
 g - a +5 ring of strength (left hand)
 D - a cursed amulet of inaccuracy {unknown}
Wands
 u - a wand of acid (10/15)
 F - a wand of teleportation (4/9)
Scrolls
 e - 3 scrolls of teleportation {unknown}
 j - 2 scrolls of magic mapping {unknown}
 n - a scroll of blinking {unknown}
 o - 2 scrolls of amnesia {unknown}
 q - a scroll of fog {unknown}
 w - a scroll of immolation {unknown}
 x - a scroll of random uselessness {unknown}
 C - 2 scrolls of remove curse {unknown}
 E - 2 scrolls of identify {unknown}
Potions
 d - a potion of might
 i - 4 potions of curing {unknown}
 k - 3 potions of cancellation {unknown}
 m - 2 potions of haste {unknown}
 p - a potion of magic {unknown}
 r - 3 potions of resistance {unknown}
 s - a potion of flight {unknown}
 v - 3 potions of heal wounds {unknown}
 z - a potion of berserk rage {unknown}
 A - a potion of brilliance {unknown}
Comestibles
 f - 4 bread rations
 h - 4 meat rations
 B - a chunk of flesh
 G - a beef jerky
 H - a slice of pizza


   Skills:
 + Level 5.4 Fighting
 + Level 6.6 Long Blades
 + Level 6.1 Armour
 + Level 2.1 Dodging
 + Level 1.0 Stealth
 + Level 6.1 Shields


You had 6 spell levels left.
You didn't know any spells.

Dungeon Overview and Level Annotations

Branches:
Dungeon (6/15)             Temple (0/1) D:5

Altars:
Okawaru


Innate Abilities, Weirdness & Mutations

You reflexively headbutt those who attack you in melee.
You have a pair of horns on your head.


Message History

The orc priest calls down the wrath of Beogh upon you.
You struggle to resist.
Unknown command.
Your shield prevents you from hitting the orc priest.
You headbutt the orc priest.
The orc priest is moderately wounded.
The orc hits you but does no damage. You block the orc wizard's attack.
The orc hits you with a morningstar.
The orc priest hits you but does no damage.
You block the orc's attack.
The orc wizard gestures wildly while chanting.
The orc wizard seems to speed up.
You hit the orc priest.
The orc priest is heavily wounded.
You block the orc wizard's attack.
The orc priest invokes the aid of Beogh against you.
Beogh smites you!
* * * LOW HITPOINT WARNING * * *
The orc hits you with a morningstar!
You die...

...........#
..........# .........#
........# ....(..###
#......... ##ooo......
#..@....... .#
#..o....... ...#
#.......... #...#
#...%...... #...#
#..........
###...####+#..........
#.....#.........$...##
###.....#.............#
<.'.....+.............#


You could see an orc priest, an orc wizard and 2 orcs.

Vanquished Creatures
  Duvessa (D:4)
  2 ogres (D:5)
  A centaur (D:5)
  Dowan (D:4)
  A crimson imp (D:5)
  2 orc wizards (D:4)
  Crazy Yiuf (D:2)
  2 orc priests
  Ijyb (D:2)
  An iguana (D:3)
  2 worker ants (D:5)
  9 gnolls
  2 adders
  3 oozes
  3 worms
  4 dart slugs
  A leopard gecko (D:4)
  12 orcs
  2 ball pythons
  4 giant cockroaches
  8 goblins
  6 hobgoblins
  3 jackals (D:2)
  2 quokkas
  10 bats
  4 frilled lizards
  8 kobolds
  9 rats
  A fungus (D:5)
106 creatures vanquished.

Notes
Turn   | Place    | Note
-------+----------+-------------------------------------------
     0 | D:1      | Peloso the Minotaur Fighter began the quest for the Orb.
     0 | D:1      | Reached XP level 1. HP: 19/19 MP: 0/0
   442 | D:1      | Reached XP level 2. HP: 27/27 MP: 1/1
  1002 | D:2      | Reached XP level 3. HP: 33/33 MP: 2/2
  1186 | D:2      | Found a runed door.
  1420 | D:2      | Found a faded altar of an unknown god.
  1422 | D:2      | Noticed Ijyb
  1431 | D:2      | Killed Ijyb
  1431 | D:2      | Reached XP level 4. HP: 40/41 MP: 3/3
  1814 | D:2      | Noticed Crazy Yiuf
  1819 | D:2      | Killed Crazy Yiuf
  1819 | D:2      | Reached skill level 1 in Dodging
  2197 | D:3      | Reached XP level 5. HP: 47/47 MP: 4/4
  2833 | D:4      | Noticed Duvessa
  2834 | D:4      | Noticed Dowan
  2974 | D:4      | Killed Dowan
  2974 | D:4      | Reached skill level 5 in Shields
  2974 | D:4      | Reached XP level 6. HP: 34/55 MP: 5/5
  2976 | D:4      | Killed Duvessa
  2976 | D:4      | Reached skill level 5 in Long Blades
  2987 | D:4      | Found an iron altar of Okawaru.
  2995 | D:4      | Became a worshipper of Warmaster Okawaru
  3729 | D:4      | Reached skill level 5 in Fighting
  4178 | D:4      | Reached skill level 5 in Armour
  4298 | D:5      | Entered Level 5 of the Dungeon
  4304 | D:5      | Reached XP level 7. HP: 61/61 MP: 6/6
  4538 | D:5      | Found a staircase to the Ecumenical Temple.
  4802 | D:5      | Reached * piety under Okawaru
  4930 | D:6      | Reached skill level 1 in Stealth
  4937 | D:6      | Slain by an orc

Skill      XL: |  1  2  3  4  5  6  7 |
---------------+----------------------+-----
Fighting       | 4 5 |  5.4
Long Blades    | 3 4 5 6 |  6.6
Armour         | 4 5 6 |  6.1
Shields        | 4 5 6 |  6.1
Dodging        | 1 2 |  2.1
Stealth        | 1 |  1.0

Action                   |  1- 3 |  4- 6 |  7- 9 || total
-------------------------+-------+-------+-------++-------
Melee: Long sword        |    89 |   141 |    43 ||   273
       Headbutt          |    17 |    36 |    14 ||    67
  Eat: Chunk             |     2 |     9 |     2 ||    13
Armor: Scale mail        |    65 |    52 |    12 ||   129
Dodge: Dodged            |    43 |    38 |    15 ||    96
Block: Shield            |    52 |    94 |    28 ||   174
       Rpst.: Long sword |    14 |    10 |     6 ||    30
